 Dungeon Crawl Stone Soup version 0.26-a0-540-g8a0c9464d7 (webtiles) character file.

Game seed: 12848213410750650496

62 Lanoc the Poker (level 4, 0/36 HPs)
             Began as a Merfolk Abyssal Knight on Aug 17, 2020.
             Was a Believer of Lugonu.
             Slain by Ijyb
             ... wielding a +0 dagger
              (2 damage)
             ... on level 3 of the Dungeon.
             The game lasted 00:01:44 (1658 turns).

Lanoc the Poker (Merfolk Abyssal Knight)            Turns: 1658, Time: 00:01:45

Health: 0/36       AC:  3    Str: 12    XL:     4   Next: 8%
Magic:  0/5        EV: 13    Int: 11    God:    Lugonu [**....]
Gold:   103        SH:  0    Dex: 14    Spells: 3/3 levels left

rFire    . . .     SeeInvis .   a - +1 spear
rCold    . . .     Faith    .   (no shield)
rNeg     . . .     Spirit   +   b - +0 leather armour
rPois    .         Reflect  .   (no helmet)
rElec    .         Harm     .   (no cloak)
rCorr    .                      (no gloves)
MR       .....                  (no boots)
Stlth    +.........             c - amulet of guardian spirit (curse)
HPRegen  0.12/turn              (no ring)
MPRegen  0.09/turn              (no ring)

@: no status effects
A: change form in water, swift swim, stealthy swim
a: Depart the Abyss, Bend Space, Renounce Religion


You were on level 3 of the Dungeon.
You worshipped Lugonu.
Lugonu was pleased with you.
You visited 1 branch of the dungeon, and saw 4 of its levels.
You visited the Abyss 1 time.

You collected 103 gold pieces.

Inventory:

Hand Weapons
 a - a +1 spear (weapon)
Armour
 b - a +0 leather armour (worn)
Jewellery
 c - a cursed amulet of guardian spirit (around neck)
Scrolls
 d - 3 scrolls of identify {unknown}
 g - a scroll of remove curse {unknown}


   Skills:
 + Level 3.6 Fighting
 * Level 4.4 Polearms
 + Level 1.2 Armour
 + Level 3.2 Dodging
 + Level 2.5 Invocations


You had 3 spell levels left.
You didn't know any spells.
Your spell library was empty.

Dungeon Overview and Level Annotations

Branches:
Dungeon (4/15)
 Temple: D:4-7

Altars:

Annotations:
D:3 Ijyb, Natasha


Message History

The shadow imp barely misses you. x2
You closely miss Ijyb.
Ijyb is severely wounded.
Natasha claws you!
* * * LOW HITPOINT WARNING * * *
Ijyb hits you but does no damage. The shadow imp gestures at you.
Pain shoots through your body!
* * * LOW HITPOINT WARNING * * *
The shadow imp barely misses you. Natasha closely misses you.
Ijyb completely misses you. The shadow imp barely misses you.
You climb upwards.
The shadow imp disappears in a puff of smoke! x2
There is a stone staircase leading down here.
You hit Ijyb.
Ijyb is almost dead.
Natasha claws you.
* * * LOW HITPOINT WARNING * * *
Ijyb hits you with a +0 dagger.
You die...

#.<# #.##..#.# #.##### #..#
#########.##..#.###.## # ##..#
#...†.....##..#.##.#.## # ....#
#..#########......###.### .##.#
##.# #####.......#..... .##.# #.#
#.....#...##.#.##. .##.# #.#
#.######.#####.##. .##.# #.# #h#
#.# #.##. .##.# ##.## #@# #.#
#.##. .##.# ##...####g# #.# #.##.
.##.####..#......# #.# #.##.
............###########.#####.##.
###.######.......................
#.# #....#########...###.### #.#
####.#.# #######.###.... #.#
##......# #..........(.## #.#
#...#.### #.#####.####.#


You could see Ijyb and Natasha.

Vanquished Creatures
  2 adders (D:3)
  An ooze (D:3)
  2 leopard geckos
  4 orcs (D:3)
  A giant cockroach (D:3)
  A goblin (D:3)
  7 hobgoblins
  A quokka (D:3)
  12 frilled lizards
  2 kobolds
  3 rats
36 creatures vanquished.

Notes
Turn   | Place    | Note
-------+----------+-------------------------------------------
     0 | Abyss:1  | Lanoc the Merfolk Abyssal Knight began the quest for the
                  | Orb.
     0 | Abyss:1  | Reached XP level 1. HP: 18/18 MP: 2/2
    18 | D:1      | Escaped the Abyss
   236 | D:2      | Reached XP level 2. HP: 24/24 MP: 3/3
   535 | D:3      | Reached skill level 1 in Armour
   544 | D:3      | Reached XP level 3. HP: 16/29 MP: 2/4
   785 | D:3      | Reached skill level 4 in Polearms
  1295 | D:3      | Reached ** piety under Lugonu
  1395 | D:3      | Reached XP level 4. HP: 31/35 MP: 5/5
  1633 | D:4      | Noticed Ijyb
  1637 | D:4      | Noticed Natasha
  1658 | D:3      | Slain by Ijyb

Illustrated notes

Levels and vault maps discovered:
D:1:      lightli_iron_boxes, layout_basic
D:2:      layout_loops_corners, supply_closet_lemuel, minmay_lizard_king,
          uniq_sigmund
D:3:      layout_loops_ring, small_statue_intersection, minmay_statues_item
D:4:      layout_gridville, lemuel_crystal_altar, portal_sewer_entry_b,
          nemelex_dance_club_becter, uniq_natasha, uniq_eustachio, uniq_ijyb

Skill      XL: |  1  2  3 |
---------------+----------+-----
Armour         | 1 |  1.2
Dodging        | 3 |  3.2
Polearms       | 4 |  4.4
Fighting       | |  3.6
Invocations    | |  2.5

Action                   |  1- 3 |  4- 6 || total
-------------------------+-------+-------++-------
Melee: Spear             |   110 |    32 ||   142
  Use: Potion            |       |     2 ||     2
 Stab: Sleeping          |     1 |     1 ||     2
Armor: Leather armour    |    15 |     6 ||    21
Dodge: Dodged            |    43 |    25 ||    68

Table legend: (Time is in decaauts)
 A = Elapsed time spent in this place.
 B = Non-inter-level travel time spent in this place.
 C = Inter-level travel time spent in this place.
 D = Time resting spent in this place.
 E = Time spent auto-exploring this place.
 F = Levels seen in this place.
 G = Mean time per level.
                   A        B        C        D        E       F      G
               +--------+--------+--------+--------+--------+-----+--------+
         Total |   1643 |   1591 |     52 |      0 |   1351 |   5 |  328.6 |
       Dungeon |   1627 |   1575 |     52 |      0 |   1342 |   4 |  406.8 |
         Abyss |     16 |     16 |      0 |      0 |      9 |   1 |   16.0 |
               +--------+--------+--------+--------+--------+-----+--------+

Top non-repeatable levels by time:
     D:3: 1097 daAuts
     D:2: 310 daAuts
     D:1: 196 daAuts
     D:4: 23 daAuts
 Abyss:1: 16 daAuts
